 Dungeon Sprint DCSS version 0.30-a0-862-g1aabd4f9c5 (webtiles) character file.

Game seed: 7563809612702903249

3 Demosthentine the Shield-Bearer (level 1, 0/18 HPs)
             Began as a Formicid Fighter on Mar 9, 2023.
             Slain by a wolf (3 damage)
             ... in the Dungeon (Sprint III: "The Ten Rune Challenge").
             The game lasted 00:00:27 (67 turns).

Demosthentine the Shield-Bearer (Formicid Fighter)    Turns: 67, Time: 00:00:27

Health: 0/18       AC: 10    Str: 20    XL:     1   Next: 55%
Magic:  5/10       EV:  9    Int:  7    God:
Gold:   0          SH:  5    Dex: 13    Spells: 0/0 levels left

rFire   . . .      SeeInvis +    a - +0 flail
rCold   . . .      Faith    .    c - +0 buckler
rNeg    . . .      Spirit   .    b - +0 scale mail
rPois   .          Reflect  .    (helmet unavailable)
rElec   .          Rampage  .    (no cloak)
rCorr   .                        (no gloves)
Will    .....                    (no boots) Stlth
                                 (no amulet)
HPRegen 0.23/turn                i - ring of magical power
MPRegen 0.12/turn                j - +4 ring of protection

@: no status effects
A: permanent stasis, dig shafts and tunnels, antennae 3, four strong arms
a: Dig


You were in the Dungeon.
You visited 1 branch

Inventory:

Hand Weapons
 a - a +0 flail (weapon)
Armour
 b - a +0 scale mail (worn)
 c - a +0 buckler (worn)
Jewellery
 i - a ring of magical power (left hand)
 j - a +4 ring of protection (right hand)
Scrolls
 h - a scroll of blinking
Potions
 d - a potion of might
 e - a potion of curing
 g - 2 potions of magic


   Skills:
 + Level 3.6 Fighting
 + Level 2.3 Maces & Flails
 + Level 3.6 Armour
 + Level 0.8 Dodging
 + Level 4.4 Shields


You couldn't memorise any spells.
You didn't know any spells.
Your spell library was empty.

Dungeon Overview and Level Annotations

Branches:
Dungeon (1/1)

Altars:


Innate Abilities, Weirdness & Mutations

You cannot be hasted, slowed, berserked, paralysed or teleported.
You can dig through walls and to a lower floor.
You have a pair of large antennae on your head. (SInv)
Your four strong arms can wield two-handed weapons with a shield.


Message History

The wolf is lightly wounded.
The wolf bites you but does no damage. The wolf bites you.
* * * LOW HITPOINT WARNING * * *
You closely miss the wolf.
The wolf is lightly wounded.
The wolf completely misses you. You block the wolf's attack.
You closely miss the wolf.
The wolf is lightly wounded.
The wolf bites you but does no damage. The wolf closely misses you.
You feel much better. You block the wolf's attack. The wolf closely misses you.
You closely miss the wolf.
The wolf is lightly wounded.
The wolf misses you. The wolf barely misses you.
You barely miss the wolf.
The wolf is lightly wounded.
The wolf closely misses you. The wolf barely misses you.
You miss the wolf.
The wolf is lightly wounded.
The wolf bites you. The wolf closely misses you.
Unknown command.
You miss the wolf.
The wolf is lightly wounded.
The wolf bites you. The wolf bites you! The wolf bites you.
* * * LOW HITPOINT WARNING * * *
You miss the wolf.
The wolf is lightly wounded.
The wolf bites you but does no damage. x2
Unknown command.
You barely miss the wolf.
The wolf is lightly wounded.
The wolf bites you but does no damage. The wolf closely misses you.
Unknown command.
You miss the wolf.
The wolf is lightly wounded.
The wolf closely misses you. x2; The wolf bites you.
* * * LOW HITPOINT WARNING * * *
You completely miss the wolf.
The wolf is lightly wounded.
The wolf bites you.
You die...

▓..##...†...# .#
▓##.##.##...# .#
##.##.###..# ..#
▓#.####.##..# ...+
▓.###..##..##
#...# ▓#..†..##..#
#....#
###..##...##.....#
##..##....#hp....#
#..###..##@#.....#
#..# #..#####....#
▓▓▓▓ ▓▓▓▓ ▓▓▓▓▓ {
{{ { { {{ {{


You could see a human and a wolf.

Vanquished Creatures
  An endoplasm (D)
  3 rats (D)
4 creatures vanquished.

Notes
Turn   | Place    | Note
-------+----------+-------------------------------------------
     0 | D        | Demosthentine the Formicid Fighter began the quest for the
                  | Orb.
     0 | D        | Reached XP level 1. HP: 18/18 MP: 1/1
    49 | D        | Noticed a wolf
    67 | D        | Slain by a wolf

Illustrated notes

Levels and vault maps discovered:
D:        dungeon_sprint_mu [sprint_mu_entry_cave, sprint_mu_temple_rooms,
          sprint_mu_d1_horrors, sprint_mu_d2_genie, sprint_mu_d3_branching,
          sprint_mu_orc_legion, sprint_mu_elf_gauntlet, sprint_mu_hive_nellie,
          sprint_mu_lair_fedhas, sprint_mu_vaults_butterflies,
          sprint_mu_slime_circle, sprint_mu_shoals_kraken,
          sprint_mu_snake_twists, sprint_mu_blade_basic,
          sprint_mu_crypt_chambers, sprint_mu_tomb_spiral,
          sprint_mu_vestibule_basic, sprint_mu_gehenna_hellfire,
          sprint_mu_dis_giant, sprint_mu_tartarus_statrot,
          sprint_mu_cocytus_islands, sprint_mu_zot1]

Action                     || total
---------------------------++-------
  Melee: Flail             ||    23
    Use: Potion            ||     1
 Armour: Scale mail        ||    11
  Dodge: Dodged            ||    18
  Block: Buckler           ||    10

Table legend: (Time is in decaauts)
 A = Elapsed time spent in this place.
 B = Non-inter-level travel time spent in this place.
 C = Inter-level travel time spent in this place.
 D = Time resting spent in this place.
 E = Time spent auto-exploring this place.
 F = Levels seen in this place.
 G = Mean time per level.
                   A        B        C        D        E       F      G
               +--------+--------+--------+--------+--------+-----+--------+
         Total |     73 |     73 |      0 |      0 |      0 |   1 |   73.0 |
       Dungeon |     73 |     73 |      0 |      0 |      0 |   1 |   73.0 |
               +--------+--------+--------+--------+--------+-----+--------+

Top non-repeatable levels by time:
       D: 73 daAuts
